 Dungeon Crawl Stone Soup version 0.23.0 (webtiles) character file.

Game seed: 12014561185816661028

461 inmateoo the Chopper (level 6, -3/57 HPs)
             Began as a Deep Dwarf Warper on Feb 9, 2019.
             Slain by an ogre
             ... wielding a +0 giant spiked club
              (7 damage)
             ... on level 4 of the Dungeon.
             The game lasted 00:04:13 (2628 turns).

inmateoo the Chopper (Deep Dwarf Warper)            Turns: 2628, Time: 00:04:14

Health: -3/57      AC:  8    Str: 16    XL:     6   Next: 79%
Magic:  8/8        EV:  4    Int: 14    God:
Gold:   101        SH:  8    Dex: 12    Spells: 8/8 levels left

rFire    . . .     SeeInvis .   a - +0 hand axe
rCold    . . .     Gourm    .   l - +1 shield
rNeg     . . .     Faith    .   k - +0 chain mail
rPois    .         Spirit   .   (no helmet)
rElec    .         Reflect  .   (no cloak)
rCorr    .         Harm     .   (no gloves)
MR       .....                  (no boots)
Stlth    ..........             (no amulet)
HPRegen  0.00/turn              (no ring)
MPRegen  0.11/turn              (no ring)

@: non-regenerating
A: damage resistance, heal wounds, sense surroundings 1, no regeneration
a: Heal Wounds


You were on level 4 of the Dungeon.
You were not hungry.

You visited 1 branch of the dungeon, and saw 4 of its levels.

You collected 101 gold pieces.

Inventory:

Hand Weapons
 a - a +0 hand axe (weapon)
 h - a +1 short sword of venom
Missiles
 e - 4 tomahawks of dispersal
 i - 7 tomahawks (quivered)
Armour
 k - a +0 chain mail (worn)
 l - a +1 shield (worn)
Scrolls
 c - 6 scrolls of remove curse
 d - 3 scrolls of blinking
Potions
 j - a potion of heal wounds {unknown}
 m - a potion of lignification {unknown}
 n - a potion of mutation {unknown}
 o - a potion of flight
 q - 2 potions of haste
Comestibles
 b - 2 chunks of flesh
 f - 8 rations


   Skills:
 + Level 3.8 Fighting
 * Level 6.9 Axes
 - Level 0.8 Throwing
 - Level 1.1 Armour
 - Level 2.1 Dodging
 - Level 1.7 Spellcasting
   Level 3.2 Translocations


You had 8 spell levels left.
You didn't know any spells.
Your spell library contained the following spells:

 Spells                   Type           Power        Failure   Level  Hunger
 Blink                    Tloc           N/A          100%        2    ###....
 Shroud of Golubria       Chrm/Tloc      #.........   100%        2    ###....
 Gell's Gravitas          Tloc           ##........   100%        3    ####...
 Lesser Beckoning         Tloc           ##........   100%        3    ####...
 Teleport Other           Tloc           ##......     100%        3    ####...
 Passage of Golubria      Tloc           N/A          100%        4    #####..


Dungeon Overview and Level Annotations

Branches:
Dungeon (4/15)
 Temple: D:4-7

Altars:


Innate Abilities, Weirdness & Mutations

You are resistant to damage.
You can heal yourself by infusing magical energy.
You passively map a small area around you.
You do not regenerate.


Message History

Throwing (i - inventory. (/) - cycle)
i - 8 tomahawks (quivered)
Press: ? - help, Shift-Dir - straight line, f/p - ogre
Aim: an ogre, wielding a +0 giant spiked club (moderately wounded)
You throw a tomahawk. The tomahawk barely misses the ogre.
Your shield and chain mail prevent you from hitting the ogre.
The ogre is moderately wounded.
The ogre barely misses you.
You hit the ogre.
The ogre is heavily wounded.
The ogre hits you with a +0 giant spiked club.
You hit the ogre.
The ogre is heavily wounded.
Your chain mail prevents you from hitting the ogre.
The ogre is heavily wounded.
The ogre hits you with a +0 giant spiked club!!
* * * LOW HITPOINT WARNING * * *
You hit the ogre.
The ogre is severely wounded.
The ogre hits you with a +0 giant spiked club!
You die...

#.. * , , #.. *
*, ##.. .(.## *
* #..## * #..##
##..# * ##O## ,
#.@## ##..#
##.## ##.## ,
####..## , , , *
##...#..#####..
,
##..............
, ,
#........#####.
,, #.......## ,,
,


You could see an ogre.

Vanquished Creatures
  Menkaure (D:4)
  A scorpion (D:4)
  An orc wizard (D:4)
  A centaur skeleton (D:4)
  Jessica (D:2)
  An iguana (D:4)
  A worker ant (D:4)
  A hound zombie (D:3)
  6 adders
  2 oozes (D:3)
  2 worms (D:2)
  3 dart slugs (D:3)
  2 leopard geckos
  5 orcs
  A ball python (D:1)
  5 giant cockroaches
  15 goblins
  7 hobgoblins
  2 jackals (D:3)
  9 kobolds
  A quokka (D:3)
  A bat (D:3)
  9 frilled lizards
  5 rats
83 creatures vanquished.

Notes
Turn   | Place    | Note
-------+----------+-------------------------------------------
     0 | D:1      | inmateoo the Deep Dwarf Warper began the quest for the Orb.
     0 | D:1      | Reached XP level 1. HP: 19/19 MP: 3/3
   310 | D:1      | Reached skill level 3 in Axes
   314 | D:1      | Reached XP level 2. HP: 24/26 MP: 4/4
   935 | D:2      | Reached XP level 3. HP: 10/32 MP: 5/5
  1004 | D:2      | Reached skill level 4 in Axes
  1111 | D:2      | Noticed Jessica
  1121 | D:2      | Killed Jessica
  1121 | D:2      | Reached XP level 4. HP: 32/40 MP: 6/6
  1979 | D:3      | Reached skill level 5 in Axes
  2048 | D:3      | Reached XP level 5. HP: 33/46 MP: 7/7
  2407 | D:4      | Noticed Menkaure
  2416 | D:4      | Killed Menkaure
  2416 | D:4      | Reached skill level 6 in Axes
  2416 | D:4      | Reached XP level 6. HP: 38/56 MP: 8/8
  2628 | D:4      | Slain by an ogre

Skill      XL: |  1  2  3  4  5 |
---------------+----------------+-----
Axes           | 3 4 5 6 |  6.9
Fighting       | 2 3 |  3.8
Throwing       | |  0.8
Armour         | |  1.1
Dodging        | |  2.1
Spellcasting   | |  1.7
Translocations | |  3.2

Action                   |  1- 3 |  4- 6 || total
-------------------------+-------+-------++-------
Melee: Hand axe          |   109 |   245 ||   354
Throw: Tomahawk          |       |     3 ||     3
 Abil: Heal Wounds       |     1 |     4 ||     5
  Use: Scroll            |     1 |     5 ||     6
 Stab: Sleeping          |     1 |       ||     1
  Eat: Chunk             |     1 |     5 ||     6
Armor: Leather armour    |    16 |     5 ||    21
       Chain mail        |       |    87 ||    87
       Ring mail         |       |    10 ||    10
Dodge: Dodged            |    46 |    59 ||   105
Block: Shield            |    23 |    86 ||   109
